 Dungeon Crawl Stone Soup version 0.31-a0-1589-g8f5e8aebd6 (webtiles) character file.

Game seed: 265693186698001349

10241 CougarLife the Grappler (level 11, -1/115 HPs)
             Began as a Troll Fighter on Jan 5, 2024.
             Was an Elder of Okawaru.
             Shot with a bolt by an orc warrior (21 damage)
             ... on level 9 of the Dungeon.
             The game lasted 00:22:32 (7552 turns).

CougarLife the Grappler (Troll Fighter)             Turns: 7552, Time: 00:22:32

Health: -1/115     AC:  9    Str: 26    XL:     11   Next: 33%
Magic:  15/15      EV: 21    Int:  8    God:    Okawaru [****..]
Gold:   543        SH:  9    Dex:  9    Spells: 10/10 levels left

rFire   . .          .
                       - Unarmed
rCold   . . .        b - +0 kite shield
rNeg    . . .        a - +0 robe
rPois   .            (helmet restricted)
rElec   .            r - +0 cloak
rCorr   .            (gloves unavailable)
SInv    .            (boots unavailable)
Will    .....        (no amulet)
Stlth   +++          n - +4 ring of protection
HPRegen 1.19/turn    D - ring of the Hare {EV+10}
MPRegen 0.14/turn

%: no passive effects
@: heroic, studying Ice Magic
A: large, unfitting armour, claws 3, regeneration 1, shaggy fur 1, tough skin 1
a: Renounce Religion, Heroism, Finesse


You were on level 9 of the Dungeon.
You worshipped Okawaru.
Okawaru was greatly pleased with you.
You visited 1 branch of the dungeon, and saw 9 of its levels.
You also visited: Bailey.

You collected 543 gold pieces.

Inventory:

Missiles
 h - 5 javelins
 t - 24 poisoned darts (quivered)
 G - 6 boomerangs
Armour
 a - a +0 robe (worn)
 b - a +0 kite shield (worn)
 r - a +0 cloak (worn)
Jewellery
 l - an amulet of faith
 m - a ring of fire
 n - a +4 ring of protection (left claw)
 D - the ring of the Hare (right claw) {EV+10}
   (You found it on level 6 of the Dungeon)

   [ring of evasion]

   EV+10:     It affects your evasion (+10).
Scrolls
 d - 2 scrolls of vulnerability {unknown}
 g - 3 scrolls of enchant weapon {unknown}
 j - a scroll of immolation {unknown}
 k - a scroll of brand weapon {unknown}
 o - 4 scrolls of teleportation
 p - 5 scrolls of blinking
 u - 3 scrolls of poison
 v - 6 scrolls of fear
 x - 2 scrolls of fog
 y - 2 scrolls of amnesia {unknown}
 B - a scroll of torment {unknown}
 C - a scroll of noise {unknown}
 E - 3 scrolls of enchant armour
 I - a scroll of revelation {unknown}
Potions
 c - a potion of ambrosia {unknown}
 e - 3 potions of attraction {unknown}
 f - 2 potions of berserk rage {unknown}
 i - 5 potions of curing {unknown}
 q - 2 potions of heal wounds {unknown}
 s - a potion of haste {unknown}
 w - a potion of mutation {unknown}
 z - a potion of enlightenment {unknown}
 A - 3 potions of magic {unknown}
 F - 4 potions of lignification {unknown}
 H - a potion of invisibility {unknown}
 J - a potion of might


   Skills:
 - Level 9.1(14.1) Fighting
 - Level 5.3(10.3) Dodging
 - Level 3.0(8.0) Shields
 - Level 11.2(16.2) Unarmed Combat
 + Level 7.2 Invocations


You had 10 spell levels left.
You didn't know any spells.
Your spell library contained the following spells:

 Spells                   Type           Power      Damage    Failure   Level
 Freeze                   Ice            0%         1d3       61%         1
 Sandblast                Erth           0%         2d4       61%         1
 Ensorcelled Hibernation  Hex/Ice        0%         N/A       75%         2
 Static Discharge         Conj/Air       0%         3-3/arc   75%         2
 Frozen Ramparts          Ice            0%         1d1       93%         3
 Fugue of the Fallen      Necr           0%         N/A       93%         3
 Hailstorm                Conj/Ice       0%         3d5       93%         3
 Passwall                 Erth           0%         N/A       93%         3
 Stone Arrow              Conj/Erth      0%         3d7       93%         3
 Airstrike                Air            0%         2d(0-16)  100%        4
 Anguish                  Hex/Necr       0%         N/A       100%        4
 Brom's Barrelling Bould  Conj/Erth      0%         2d3       100%        4
 Dimensional Bullseye     Hex/Tloc       0%         N/A       100%        4
 Iskenderun's Mystic Bla  Conj/Tloc      0%         2d3       100%        4
 Summon Ice Beast         Ice/Summ       Unusable   N/A       N/A         3
 Tukima's Dance           Hex            Unusable   N/A       N/A         3
 Summon Lightning Spire   Summ/Air       Unusable   N/A       N/A         4
 Summon Mana Viper        Hex/Summ       Unusable   N/A       N/A         5
 Monstrous Menagerie      Summ           Unusable   N/A       N/A         7

Dungeon Overview and Level Annotations

Branches:
Dungeon (9/15)             Temple (0/1) D:6            Lair (0/5) D:9
 Bailey (visited)
    Orc: D:9-12

Altars:
Ashenzari
Dithmenos
Hepliaklqana
Okawaru
Qazlal
Ru
Sif Muna
Wu Jian
Xom
Yredelemnul
The Shining One

Shops:
D:3 [!=

Annotations:
D:3 1 runed translucent door


Innate Abilities, Weirdness & Mutations

You are too large for most types of armour.
You have claws for hands.
Your natural rate of healing is unusually fast.
You are covered in fur. (AC +1)
You have tough skin. (AC +1)


Message History

* * * LOW HITPOINT WARNING * * *
The orc warrior barely misses you.
Your Invocations skill increases to level 7!
The orc warrior hits you with a +0 glaive!
* * * LOW HITPOINT WARNING * * *
The orc warrior attacks as it pursues you!
The orc warrior hits you but does no damage.
You see here a +0 club.
The orc wizard casts a spell.
The orc wizard flickers and vanishes!
Deactivating autopickup; reactivate with Ctrl-A.
You block the orc warrior's attack.
The orc warrior unwields a +0 battleaxe.
The orc warrior wields a +0 arbalest.
The orc warrior shoots a bolt.
You block the bolt.
The orc warrior attacks as it pursues you!
The orc warrior closely misses you.
There is an open door here.
The orc warrior attacks as it pursues you!
You block the orc warrior's attack.
The orc warrior shoots a bolt.
You block the bolt.
You fail to use your ability.
You block the orc warrior's attack.
The orc warrior attacks as it pursues you!
The orc warrior completely misses you. You block the orc warrior's attack.
The orc warrior shoots a bolt.
You block the bolt. The orc warrior misses you.
The orc warrior shoots a bolt.
The bolt misses you. The orc warrior barely misses you.
The orc warrior shoots a bolt.
The bolt completely misses you.
You closely miss the orc warrior. The orc warrior misses you.
The orc warrior shoots a bolt.
You block the bolt.
You barely miss the orc warrior. The orc warrior misses you.
You claw the orc warrior!
The orc warrior is heavily wounded.
The orc warrior shoots a bolt.
The bolt closely misses you.
You claw the orc warrior!
The orc warrior is almost dead.
The orc warrior closely misses you.
The orc warrior shoots a bolt.
The bolt hits you!!
You die...

### .... .....
########### .....##
#.........#
.....'.####.........#
#.oo)o#.........#
#.#)#oo.........# >#
.8 #o###..@o.....# .#
o..oo...# #....)....#
.# .⌠oo8.###
#######)### .# ..oo#.
##....# ##.# ..o #
#.....##### #.. o_
#.....'...# ##.### .
#.....###.###.....
#.....# #...#.....
.'.....# ###.......


You could see 4 orc warriors and 2 orcs.

Vanquished Creatures
  3 two-headed ogres
  A deep elf zephyrmancer (Bailey)
  An orc knight (Bailey)
  An ugly thing (D:9)
  Jeremiah (D:6)
  An unseen horror (D:7)
  A troll (D:7)
  Sigmund (D:5)
  A wyvern (D:8)
  6 yaks (D:8)
  A vampire mosquito (D:7)
  A steam dragon (D:7)
  Edmund (D:5)
  Duvessa (D:6)
  An acid dragon (D:7)
  A water moccasin (D:7)
  A black bear (D:5)
  10 orc warriors
  A hornet zombie (D:5)
  2 sky beasts
  4 centaurs
  5 phantoms
  2 kobold brigands
  A gnoll sergeant (D:7)
  6 bullfrogs
  2 scorpions
  12 wights (D:7)
  Dowan (D:6)
  A killer bee (D:7)
  6 howler monkeys
  2 bombardier beetles
  A bullfrog zombie (D:5)
  Crazy Yiuf (D:3)
  2 hounds
  2 jellies
  6 orc priests
  A bullfrog skeleton (D:5)
  5 orc wizards
  Natasha (thrice) (D:3)
  2 iguanas
  A sleepcap (D:5)
  A scorpion zombie (D:5)
  2 hound zombies (D:5)
  A hound skeleton (D:5)
  Robin (D:2)
  A gnoll (D:8)
  A howler monkey skeleton (D:5)
  A howler monkey zombie (D:5)
  6 adders
  3 shadow imps
  3 white imps (D:7)
  An adder zombie (D:5)
  A ribbon worm (D:2)
  40 orcs
  2 bats
  7 endoplasms
  4 giant cockroaches
  18 goblins
  11 hobgoblins
  4 jackals (D:4)
  2 quokkas
  7 ball pythons
  5 frilled lizards
  A jackal skeleton (D:3)
  20 kobolds
  4 rats
250 creatures vanquished.

Notes
Turn   | Place    | Note
-------+----------+-------------------------------------------
     0 | D:1      | CougarLife the Troll Fighter began the quest for the Orb.
     0 | D:1      | Reached XP level 1. HP: 22/22 MP: 0/0
   249 | D:1      | Reached XP level 2. HP: 29/29 MP: 1/1
   768 | D:2      | Noticed Robin
   771 | D:2      | Reached XP level 3. HP: 31/37 MP: 2/2
   776 | D:2      | Killed Robin
  1087 | D:2      | You fall into a shaft and drop 1 floor!
  1169 | D:2      | Reached XP level 4. HP: 45/45 MP: 3/3
  1466 | D:2      | Reached skill level 3 in Unarmed Combat
  1531 | D:3      | Noticed Natasha
  1544 | D:3      | Killed Natasha
  1651 | D:3      | Found Ariwusue's Jewellery Shop.
  1690 | D:3      | Reached skill level 4 in Unarmed Combat
  1690 | D:3      | Reached XP level 5. HP: 32/53 MP: 4/4
  1755 | D:3      | Found Dacsis Wee's Distillery.
  1783 | D:3      | Found Lochaomm's Armour Shop.
  1814 | D:3      | Found a runed translucent door.
  1814 | D:3      | Noticed a human
  1817 | D:3      | Found a basalt altar of Yredelemnul.
  1934 | D:3      | Found a runed translucent door.
  1935 | D:3      | Noticed Crazy Yiuf
  1947 | D:3      | Noticed Natasha
  1955 | D:3      | Killed Natasha
  1975 | D:3      | Killed Crazy Yiuf
  1976 | D:3      | Reached skill level 5 in Unarmed Combat
  2267 | D:3      | Noticed Natasha
  2277 | D:3      | Killed Natasha
  2278 | D:3      | Reached XP level 6. HP: 38/61 MP: 5/5
  2324 | D:4      | Found an iron altar of Okawaru.
  2356 | D:4      | Became a worshipper of Warmaster Okawaru
  2408 | D:4      | Found an ornate altar of the Wu Jian Council.
  2438 | D:4      | Reached skill level 6 in Unarmed Combat
  2655 | D:4      | Reached XP level 7. HP: 57/67 MP: 6/6
  2949 | D:4      | Found a sacrificial altar of Ru.
  2950 | D:4      | Found a glowing golden altar of the Shining One.
  2950 | D:4      | Found a stormy altar of Qazlal.
  2951 | D:4      | Found a hazy altar of Hepliaklqana.
  3336 | D:5      | Entered Level 5 of the Dungeon
  3393 | D:5      | Reached skill level 7 in Unarmed Combat
  3427 | D:5      | Reached * piety under Okawaru
  3571 | D:5      | Noticed Edmund
  3582 | D:5      | Killed Edmund
  3583 | D:5      | Reached skill level 8 in Unarmed Combat
  3583 | D:5      | Reached skill level 1 in Invocations
  3669 | D:5      | Reached ** piety under Okawaru
  3670 | D:5      | Reached XP level 8. HP: 63/75 MP: 7/9
  3678 | D:5      | Noticed Sigmund
  3684 | D:5      | Killed Sigmund
  3811 | D:5      | Found a shadowy altar of Dithmenos.
  4220 | D:6      | Noticed Duvessa
  4221 | D:6      | Noticed Dowan
  4229 | D:6      | Killed Duvessa
  4230 | D:6      | Reached skill level 5 in Invocations
  4230 | D:6      | Killed Dowan
  4317 | D:6      | Found a staircase to the Ecumenical Temple.
  4379 | D:6      | Found the ring of the Hare {EV+10}
  4590 | D:6      | Noticed Jeremiah
  4611 | D:6      | Killed Jeremiah
  4612 | D:6      | Reached XP level 9. HP: 43/87 MP: 12/12
  4676 | D:6      | Reached skill level 5 in Fighting
  4929 | D:7      | Reached skill level 9 in Unarmed Combat
  4950 | D:7      | Noticed a two-headed ogre
  4992 | D:7      | Killed a two-headed ogre
  4992 | D:7      | Reached *** piety under Okawaru
  4993 | D:7      | Reached skill level 10 in Unarmed Combat
  5048 | D:7      | Reached XP level 10. HP: 73/99 MP: 10/13
  5058 | D:7      | Reached skill level 11 in Unarmed Combat
  5268 | D:7      | Reached **** piety under Okawaru
  5304 | D:7      | Found a shimmering altar of Xom.
  5315 | D:7      | Identified the orb of Prudence {*channel, Str+4}
  5994 | D:8      | Noticed a two-headed ogre
  6007 | D:8      | Killed a two-headed ogre
  6328 | D:8      | HP: 3/106 [yak (8)]
  6430 | D:8      | Found a broken altar of Ashenzari.
  6552 | D:8      | Found a flagged portal.
  6576 | Bailey   | Entered a bailey
  6601 | Bailey   | Reached skill level 5 in Dodging
  6645 | Bailey   | Reached XP level 11. HP: 90/113 MP: 11/14
  6681 | Bailey   | Found a large runed translucent door.
  6681 | Bailey   | Found a large runed translucent door.
  6704 | Bailey   | Noticed a deep elf zephyrmancer
  6716 | Bailey   | Noticed an orc knight
  6738 | Bailey   | Killed an orc knight
  6832 | Bailey   | Killed a deep elf zephyrmancer
  6837 | Bailey   | Identified the +0 bardiche "Foing" {protect, rC+ Dex+2}
  7282 | D:9      | Found a staircase to the Lair.
  7340 | D:9      | Found a shimmering blue altar of Sif Muna.
  7386 | D:9      | Noticed a brown ugly thing
  7401 | D:9      | Killed a brown ugly thing
  7509 | D:9      | Noticed a two-headed ogre
  7535 | D:9      | Killed a two-headed ogre
  7536 | D:9      | HP: 2/115 [orc warrior/+0 glaive (11)]
  7552 | D:9      | Shot with a bolt by an orc warrior

Illustrated notes

Levels and vault maps discovered:
D:1:      zaba_arrival_water, layout_loops_ring
D:2:      layout_loops_ring, uniq_robin
D:3:      layout_loops_cross, dk_yredelemnul_ordeal, serial_shops,
          shop_fountains, shop, shop, uniq_crazy_yiuf_cottage, uniq_natasha
D:4:      layout_layer_cave, mainiacjoe_overflow_small_starburst,
          chequers_temple_overflow_statue_of_worship,
          mainiacjoe_overflow_alcove_4, st_stairs_12
D:5:      layout_cave_pools, grunt_dithmenos_shadows, serial_undead,
          serial_undead_e, serial_undead_c, serial_undead_f, serial_undead_c,
          uniq_edmund, uniq_sigmund
D:6:      layout_rooms, minmay_temple_entry_antechambers,
          palyth_stone_intersect, grunt_decor_one_mirror, nicolae_benzene_ring,
          minivault_10, uniq_jeremiah, uniq_duvessa
D:7:      cheibrodos_fzero, layout_loops_cross, lemuel_tele_altar,
          minmay_manual_mail
D:8:      layout_gridville, ashenzari_altar_1, enter_bailey_7
D:9:      layout_roguey, nicolae_sif_muna_condensation, lair_entry_dummy,
          david_orc_5, uniq_prince_ribbit1

Skill      XL: |  1  2  3  4  5  6  7  8  9 10 11 |
---------------+----------------------------------+-----
Dodging        | 3 5 |  5.3
Fighting       | 3 4 6 8 9 |  9.1
Shields        | 3 |  3.0
Unarmed Combat | 4 5 6 8 10 11 | 11.2
Invocations    | 2 5 7 |  7.2

Action                     |  1- 3 |  4- 6 |  7- 9 | 10-12 || total
---------------------------+-------+-------+-------+-------++-------
  Melee: Unarmed           |    84 |   163 |   228 |   269 ||   744
  Throw: Dart              |       |     5 |     5 |    15 ||    25
         Javelin           |       |     5 |     7 |     2 ||    14
 Invoke: Heroism           |       |       |     8 |    10 ||    18
         Finesse           |       |       |       |     1 ||     1
    Use: Potion            |       |       |     1 |       ||     1
         Scroll            |       |       |       |     6 ||     6
   Stab: Sleeping          |     2 |       |       |       ||     2
 Armour: Robe              |    41 |   111 |   138 |   146 ||   436
  Dodge: Dodged            |    15 |    73 |   155 |   270 ||   513
  Block: Kite shield       |    30 |    71 |   118 |   182 ||   401

Table legend: (Time is in decaauts)
 A = Elapsed time spent in this place.
 B = Non-inter-level travel time spent in this place.
 C = Inter-level travel time spent in this place.
 D = Time resting spent in this place.
 E = Time spent auto-exploring this place.
 F = Levels seen in this place.
 G = Mean time per level.
                   A        B        C        D        E       F      G
               +--------+--------+--------+--------+--------+-----+--------+
         Total |   7507 |   7071 |    436 |    260 |   4660 |  10 |  750.7 |
       Dungeon |   7160 |   6724 |    436 |    228 |   4596 |   9 |  795.6 |
        Bailey |    347 |    347 |      0 |     32 |     64 |   1 |  347.0 |
               +--------+--------+--------+--------+--------+-----+--------+

Top non-repeatable levels by time:
     D:4: 1035 daAuts
     D:7: 1020 daAuts
     D:8: 862 daAuts
     D:5: 841 daAuts
     D:2: 826 daAuts
     D:3: 826 daAuts
     D:6: 745 daAuts
     D:1: 669 daAuts
  Bailey: 347 daAuts
     D:9: 333 daAuts
